AAA
DURHAM BULLS @ ORLANDO WIZARDS
04/15/2053
 
TOP OF THE 1ST
Rochester Norsemen batting - Pitching for Gwinnett Stripers : LHP Kansuke Kaneshige
Pitching: LHP Kansuke Kaneshige
Batting: RHB Mike Haney 0-0: Swinging Strike
0-1: Ball
1-1: Foul Ball, location: 2F
1-2: Strikes out looking
Batting: RHB Cedric Mondragon 0-0: SOLO HOME RUN (Flyball, 7D, EV 103.1 MPH), Distance : 386 ft
Batting: LHB Isaac Powley 0-0: Called Strike
0-1: Swinging Strike
0-2: Ball
1-2: Foul Ball, location: 2F
1-2: Ball
2-2: Ball
3-2: Fly out, F7 (Flyball, 7S, EV 88.1 MPH)
Batting: RHB Sebastian Osterland 0-0: Ball
1-0: Swinging Strike
1-1: Ball
2-1: Called Strike
2-2: Ball
3-2: Fly out, F9 (Flyball, 89XD, EV 86.9 MPH)
Top of the 1st over - 1 run, 1 hit, 0 errors, 0 left on base; Rochester 1 - Gwinnett 0
BOTTOM OF THE 1ST
Gwinnett Stripers batting - Pitching for Rochester Norsemen : RHP Lincoln Riskin
Pitching: RHP Lincoln Riskin
Batting: LHB Robert Kingston 0-0: Ball
1-0: Called Strike
1-1: Swinging Strike
1-2: Ground out 6-3 (Groundball, 6M, EV 83.8 MPH)
Batting: RHB Ziggy Shedd 0-0: Ball
1-0: Foul Ball, location: 2F
1-1: Called Strike
1-2: Strikes out swinging
Batting: LHB Damian Lyons 0-0: Ball
1-0: Ball
2-0: Ball
3-0: Base on Balls
Batting: LHB Pat Maki 0-0: Ball
1-0: Called Strike
1-1: Foul Ball, location: 2F
1-2: Ball
2-2: Foul Ball, location: 2F
2-2: Ball
3-2: Foul Ball, location: 2F
3-2: Base on Balls
Damian Lyons to second
Batting: RHB Manuel Arroyos 0-0: Ball
1-0: Swinging Strike
1-1: Swinging Strike
1-2: Strikes out swinging
Bottom of the 1st over - 0 runs, 0 hits, 0 errors, 2 left on base; Rochester 1 - Gwinnett 0
TOP OF THE 2ND
Rochester Norsemen batting - Pitching for Gwinnett Stripers : LHP Kansuke Kaneshige
Batting: RHB Daryl Delacroix 0-0: Ball
1-0: SOLO HOME RUN (Flyball, 78XD, EV 98.8 MPH), Distance : 388 ft
Batting: RHB Elijah Trainor 0-0: Called Strike
0-1: Ball
1-1: Ground out 6-3 (Groundball, 6, EV 81.9 MPH)
Batting: LHB Erich Manley 0-0: Swinging Strike
0-1: Called Strike
0-2: Ball
1-2: Fly out, F6 (Popup, 6S, EV 85.6 MPH)
Batting: RHB Miika Nevalainen 0-0: Ball
1-0: Ball
2-0: Ball
3-0: Called Strike
3-1: Foul Ball, location: 2F
3-2: Base on Balls
Batting: RHB Rex Corso 0-0: Called Strike
0-1: Ball
1-1: Ball
2-1: Foul Ball, location: 2F
2-2: Strikes out looking
Top of the 2nd over - 1 run, 1 hit, 0 errors, 1 left on base; Rochester 2 - Gwinnett 0
BOTTOM OF THE 2ND
Gwinnett Stripers batting - Pitching for Rochester Norsemen : RHP Lincoln Riskin
Batting: RHB Danny Pastrano 0-0: Fly out, F3 (Popup, 34, EV 65.0 MPH)
Batting: RHB Mark Kinkopf 0-0: Foul Ball, location: 2F
0-1: Called Strike
0-2: Ball
1-2: Ball
2-2: Foul Ball, location: 2F
2-2: Ball
3-2: Base on Balls
Batting: RHB Justin Maurer 0-0: Ball
1-0: Swinging Strike
1-1: Ball
2-1: Ball
3-1: SINGLE (Groundball, 6D, EV 103.1 MPH)
Mark Kinkopf to second
Batting: RHB Russ McDaniel 0-0: Called Strike
0-1: Swinging Strike
0-2: Strikes out looking
Batting: LHB Robert Kingston 0-0: Ground out 4-3 (Groundball, 4, EV 105.6 MPH)
Bottom of the 2nd over - 0 runs, 1 hit, 0 errors, 2 left on base; Rochester 2 - Gwinnett 0
TOP OF THE 3RD
Rochester Norsemen batting - Pitching for Gwinnett Stripers : LHP Kansuke Kaneshige
Batting: RHB Mike Haney 0-0: SINGLE (Line Drive, 56, EV 95.0 MPH)
Batting: RHB Cedric Mondragon 0-0: Called Strike
0-1: Called Strike
0-2: Ball
1-2: Foul Ball, location: 2F
1-2: Fly out, F5 (Line Drive, 5, EV 71.9 MPH)
Batting: LHB Isaac Powley 0-0: Called Strike
0-1: Swinging Strike
0-2: 2-RUN HOME RUN (Flyball, 89XD, EV 101.9 MPH), Distance : 392 ft
Batting: RHB Sebastian Osterland 0-0: Ball
1-0: Called Strike
1-1: Ball
2-1: SINGLE (Groundball, 25, EV 71.2 MPH) (infield hit)
Batting: RHB Daryl Delacroix 0-0: Grounds into double play, 5-4-3 (Groundball, 56S, EV 88.8 MPH)
Top of the 3rd over - 2 runs, 3 hits, 0 errors, 0 left on base; Rochester 4 - Gwinnett 0
BOTTOM OF THE 3RD
Gwinnett Stripers batting - Pitching for Rochester Norsemen : RHP Lincoln Riskin
Batting: RHB Ziggy Shedd 0-0: Ball
1-0: Ball
2-0: Ball
3-0: Base on Balls
Batting: LHB Damian Lyons 0-0: Ball
1-0: Called Strike
1-1: Foul Ball, location: 2F
1-2: Strikes out swinging
Batting: LHB Pat Maki 0-0: DOUBLE (Line Drive, 9LS, EV 106.2 MPH)
Ziggy Shedd to third
Batting: RHB Manuel Arroyos 0-0: Called Strike
0-1: Foul Ball, location: 2F
0-2: Strikes out swinging
Batting: RHB Danny Pastrano 0-0: Ball
1-0: Ball
2-0: Ball
3-0: Base on Balls
Batting: RHB Mark Kinkopf 0-0: Called Strike
0-1: Ground out 4-3 (Groundball, 4, EV 105.0 MPH)
Bottom of the 3rd over - 0 runs, 1 hit, 0 errors, 3 left on base; Rochester 4 - Gwinnett 0
TOP OF THE 4TH
Rochester Norsemen batting - Pitching for Gwinnett Stripers : LHP Kansuke Kaneshige
Batting: RHB Elijah Trainor 0-0: Called Strike
0-1: Foul Ball, location: 2F
0-2: Ball
1-2: DOUBLE (Flyball, 9LD, EV 110.0 MPH)
Batting: LHB Erich Manley 0-0: Ball
1-0: Fly out, F2 (Popup, 25F, EV 89.4 MPH)
Batting: RHB Miika Nevalainen 0-0: Fly out, F4 (Popup, 4D, EV 50.0 MPH)
Batting: RHB Rex Corso 0-0: Foul Ball, location: 2F
0-1: Ball
1-1: Ground out 6-3 (Groundball, 6M, EV 106.2 MPH)
Top of the 4th over - 0 runs, 1 hit, 0 errors, 1 left on base; Rochester 4 - Gwinnett 0
BOTTOM OF THE 4TH
Gwinnett Stripers batting - Pitching for Rochester Norsemen : RHP Lincoln Riskin
Batting: RHB Justin Maurer 0-0: Called Strike
0-1: Ground out 6-3 (Groundball, 6, EV 83.1 MPH)
Batting: RHB Russ McDaniel 0-0: Ground out 5-3 (Groundball, 25, EV 85.6 MPH)
Batting: LHB Robert Kingston 0-0: Ball
1-0: Ball
2-0: Ball
3-0: Called Strike
3-1: Foul Ball, location: 2F
3-2: Ground out 4-3 (Groundball, 34, EV 103.1 MPH)
Bottom of the 4th over - 0 runs, 0 hits, 0 errors, 0 left on base; Rochester 4 - Gwinnett 0
TOP OF THE 5TH
Rochester Norsemen batting - Pitching for Gwinnett Stripers : LHP Kansuke Kaneshige
Batting: RHB Mike Haney 0-0: Foul Ball, location: 2F
0-1: Ball
1-1: Foul Ball, location: 2F
1-2: Foul Ball, location: 2F
1-2: Ball
2-2: Ball
3-2: SOLO HOME RUN (Flyball, 78XD, EV 98.8 MPH), Distance : 395 ft
Pitching: LHP Ben Voehringer
Batting: RHB Cedric Mondragon 0-0: Called Strike
0-1: Called Strike
0-2: Strikes out looking
Batting: LHB Isaac Powley 0-0: Swinging Strike
0-1: Ball
1-1: Foul Ball, location: 2F
1-2: Strikes out swinging
Batting: RHB Sebastian Osterland 0-0: Ball
1-0: Called Strike
1-1: Foul Ball, location: 2F
1-2: DOUBLE (Line Drive, 5D, EV 93.8 MPH)
Batting: RHB Daryl Delacroix 0-0: Called Strike
0-1: Foul Ball, location: 2F
0-2: Foul Ball, location: 2F
0-2: Ball
1-2: Foul Ball, location: 2F
1-2: Ball
2-2: Fly out, F8 (Flyball, 8RXD, EV 106.2 MPH)
Top of the 5th over - 1 run, 2 hits, 0 errors, 1 left on base; Rochester 5 - Gwinnett 0
BOTTOM OF THE 5TH
Gwinnett Stripers batting - Pitching for Rochester Norsemen : RHP Lincoln Riskin
Batting: RHB Ziggy Shedd 0-0: Ball
1-0: Called Strike
1-1: Ball
2-1: SINGLE (Groundball, 4MD, EV 96.2 MPH)
Batting: LHB Damian Lyons 0-0: Foul Ball, location: 2F
0-1: 2-RUN HOME RUN (Line Drive, 9D, EV 104.4 MPH), Distance : 390 ft
Batting: LHB Pat Maki 0-0: Called Strike
0-1: Ball
1-1: Called Strike
1-2: Strikes out looking
Batting: RHB Manuel Arroyos 0-0: Swinging Strike
0-1: Ball
1-1: SINGLE (Line Drive, 4MD, EV 108.8 MPH)
Batting: RHB Danny Pastrano 0-0: Foul Ball, location: 2F
0-1: Ground out 6-3 (Groundball, 6S, EV 61.2 MPH)
Manuel Arroyos to second
Batting: RHB Mark Kinkopf 0-0: Ball
1-0: Ball
2-0: Foul Ball, location: 2F
2-1: Ball
3-1: Called Strike
3-2: Foul Ball, location: 2F
3-2: Foul Ball, location: 2F
3-2: Strikes out looking
Bottom of the 5th over - 2 runs, 3 hits, 0 errors, 1 left on base; Rochester 5 - Gwinnett 2
TOP OF THE 6TH
Rochester Norsemen batting - Pitching for Gwinnett Stripers : LHP Ben Voehringer
Batting: RHB Elijah Trainor 0-0: Ball
1-0: Called Strike
1-1: Foul Ball, location: 2F
1-2: Foul Ball, location: 2F
1-2: Ball
2-2: Fly out, F9 (Line Drive, 9D, EV 96.2 MPH)
Batting: LHB Erich Manley 0-0: Ball
1-0: Ball
2-0: Ball
3-0: Called Strike
3-1: Ground out 4-3 (Groundball, 4, EV 88.8 MPH)
Batting: RHB Miika Nevalainen 0-0: Called Strike
0-1: Swinging Strike
0-2: Ball
1-2: Strikes out swinging
Top of the 6th over - 0 runs, 0 hits, 0 errors, 0 left on base; Rochester 5 - Gwinnett 2
BOTTOM OF THE 6TH
Gwinnett Stripers batting - Pitching for Rochester Norsemen : RHP Lincoln Riskin
Batting: RHB Justin Maurer 0-0: Called Strike
0-1: Ball
1-1: Ball
2-1: Fly out, F8 (Line Drive, 89S, EV 93.8 MPH)
Batting: RHB Russ McDaniel 0-0: Ball
1-0: Called Strike
1-1: Ground out 5-3 (Groundball, 56, EV 82.5 MPH)
Batting: LHB Robert Kingston 0-0: Called Strike
0-1: Foul Ball, location: 2F
0-2: Fly out, F7 (Flyball, 78XD, EV 83.1 MPH)
Bottom of the 6th over - 0 runs, 0 hits, 0 errors, 0 left on base; Rochester 5 - Gwinnett 2
TOP OF THE 7TH
Rochester Norsemen batting - Pitching for Gwinnett Stripers : LHP Ben Voehringer
Pitching: RHP Zach Dawson
Batting: RHB Rex Corso 0-0: Ball
1-0: Foul Ball, location: 2F
1-1: Ground out 6-3 (Groundball, 6, EV 103.8 MPH)
Batting: RHB Mike Haney 0-0: Called Strike
0-1: Swinging Strike
0-2: Strikes out looking
Batting: RHB Cedric Mondragon 0-0: Ball
1-0: Called Strike
1-1: Fly out, F9 (Line Drive, 9S, EV 93.1 MPH)
Top of the 7th over - 0 runs, 0 hits, 0 errors, 0 left on base; Rochester 5 - Gwinnett 2
BOTTOM OF THE 7TH
Gwinnett Stripers batting - Pitching for Rochester Norsemen : RHP Lincoln Riskin
Batting: RHB Ziggy Shedd 0-0: Ball
1-0: Swinging Strike
1-1: Ball
2-1: Ball
3-1: Base on Balls
Pitching: RHP Joe Steves
Batting: LHB Damian Lyons 0-0: Fly out, F6 (Popup, 6S, EV 80.6 MPH)
Batting: LHB Pat Maki 0-0: Called Strike
0-1: Foul Ball, location: 2F
0-2: Ball
1-2: Ball
2-2: Foul Ball, location: 2F
2-2: Ball
3-2: Foul Ball, location: 2F
3-2: Fielders Choice at 2nd, 3-6 (Groundball, 34, EV 98.1 MPH)
Batting: RHB Manuel Arroyos 0-0: Called Strike
Pat Maki steals 2nd base
0-1: Called Strike
0-2: Strikes out swinging
Bottom of the 7th over - 0 runs, 0 hits, 0 errors, 1 left on base; Rochester 5 - Gwinnett 2
TOP OF THE 8TH
Rochester Norsemen batting - Pitching for Gwinnett Stripers : RHP Zach Dawson
Pitching: LHP Jon James
Batting: LHB Isaac Powley 0-0: Ball
1-0: Called Strike
1-1: Called Strike
1-2: Foul Ball, location: 2F
1-2: Ball
2-2: SOLO HOME RUN (Flyball, 9D, EV 98.8 MPH), Distance : 386 ft
Batting: RHB Sebastian Osterland 0-0: Called Strike
0-1: Foul Ball, location: 2F
0-2: Strikes out swinging
Batting: RHB Daryl Delacroix 0-0: Called Strike
0-1: Foul Ball, location: 2F
0-2: Strikes out swinging
Batting: RHB Elijah Trainor 0-0: Ball
1-0: Ground out 6-3 (Groundball, 6M, EV 91.9 MPH)
Top of the 8th over - 1 run, 1 hit, 0 errors, 0 left on base; Rochester 6 - Gwinnett 2
BOTTOM OF THE 8TH
Gwinnett Stripers batting - Pitching for Rochester Norsemen : RHP Joe Steves
Batting: RHB Danny Pastrano 0-0: Ground out 5-3 (Groundball, 56, EV 103.8 MPH)
Pinch Hitting: LHB Mike Cerritos 0-0: Called Strike
0-1: Foul Ball, location: 2F
0-2: Ball
1-2: SINGLE (Line Drive, 78S, EV 88.1 MPH)
Batting: RHB Justin Maurer 0-0: Ball
1-0: Ball
2-0: Ball
3-0: Called Strike
3-1: Base on Balls
Mike Cerritos to second
Pinch Hitting: LHB Adrian Llorenti 0-0: Fly out, F3 (Line Drive, 3, EV 68.1 MPH)
Batting: LHB Robert Kingston 0-0: DOUBLE (Line Drive, 8LXD, EV 101.2 MPH)
Mike Cerritos scores
Justin Maurer to third
Batting: RHB Ziggy Shedd 0-0: Ball
1-0: Ball
2-0: Fly out, F8 (Line Drive, 8LM, EV 86.9 MPH)
Bottom of the 8th over - 1 run, 2 hits, 0 errors, 2 left on base; Rochester 6 - Gwinnett 3
TOP OF THE 9TH
Rochester Norsemen batting - Pitching for Gwinnett Stripers : LHP Jon James
Now at 1B: Mike Cerritos
Now at 2B: Pat Maki
Now at SS: Danny Pastrano
Now in LF: Adrian Llorenti
Batting: RHB Adam Cross 0-0: Foul Ball, location: 2F
0-1: Ball
1-1: Ground out 4-3 (Groundball, 4, EV 84.4 MPH)
Batting: RHB Miika Nevalainen 0-0: Foul Ball, location: 2F
0-1: Ball
1-1: Ground out 6-3 (Groundball, 6S, EV 84.4 MPH)
Batting: RHB Rex Corso 0-0: Foul Ball, location: 2F
0-1: Ball
1-1: Swinging Strike
1-2: Foul Ball, location: 2F
1-2: Strikes out swinging
Top of the 9th over - 0 runs, 0 hits, 0 errors, 0 left on base; Rochester 6 - Gwinnett 3
BOTTOM OF THE 9TH
Gwinnett Stripers batting - Pitching for Rochester Norsemen : RHP Joe Steves
Pitching: RHP Matt Haskins
Batting: LHB Damian Lyons 0-0: Ball
1-0: Called Strike
1-1: Called Strike
1-2: Ball
2-2: SOLO HOME RUN (Flyball, 78XD, EV 96.2 MPH), Distance : 388 ft
Batting: LHB Pat Maki 0-0: Called Strike
0-1: Called Strike
0-2: Ball
1-2: Ball
2-2: Strikes out swinging
Batting: RHB Manuel Arroyos 0-0: Ball
1-0: Swinging Strike
1-1: Foul Ball, location: 2F
1-2: Ground out 5-3 (Groundball, 5S, EV 62.5 MPH)
Batting: RHB Danny Pastrano 0-0: Ball
1-0: Called Strike
1-1: Swinging Strike
1-2: Strikes out looking
Bottom of the 9th over - 1 run, 1 hit, 0 errors, 0 left on base; Rochester 6 - Gwinnett 4
Wednesday, May 22nd , 2024 - OOTP Baseball 25.4 Build 64